 Dungeon Crawl Stone Soup version 0.26.0-20-g3ca415f5b8 (webtiles) character file.

Game seed: 13855096079944049335

8276 RedRedRas the Cleaver (level 11, -4/100 HPs)
             Began as a Deep Dwarf Fighter on Jan 24, 2021.
             Was a Follower of Makhleb.
             Slain by a freezing wraith (21 damage)
             ... on level 10 of the Dungeon.
             The game lasted 00:13:23 (7557 turns).

RedRedRas the Cleaver (Deep Dwarf Fighter)          Turns: 7557, Time: 00:13:24

Health: -4/100     AC: 19    Str: 22    XL:     11   Next: 7%
Magic:  6/6        EV:  6    Int: 10    God:    Makhleb [*.....]
Gold:   581        SH: 11    Dex: 12    Spells: 10/10 levels left

rFire    . . .     SeeInvis +   G - +0 broad axe
rCold    . . .     Faith    .   c - +0 kite shield
rNeg     . . .     Spirit   .   A - +0 plate armour
rPois    +         Reflect  .   u - +2 hat
rElec    .         Harm     .   p - +0 cloak
rCorr    .         Rampage  .   (no gloves)
Will     +....                  E - +1 pair of boots
Stlth    ..........             (no amulet)
HPRegen  0.00/turn              x - ring of see invisible
MPRegen  0.10/turn              h - ring of poison resistance

@: non-regenerating, slowed, very slow
A: damage resistance, heal wounds, sense surroundings 2, no regeneration
a: Heal Wounds, Renounce Religion


You were on level 10 of the Dungeon.
You worshipped Makhleb.
Makhleb was aware of your devotion.
You visited 2 branches of the dungeon, and saw 11 of its levels.

You collected 581 gold pieces.

Inventory:

Hand Weapons
 C - a +3 spear of venom
 G - a +0 broad axe (weapon)
Missiles
 b - 11 throwing nets
Armour
 c - a +0 kite shield (worn)
 p - a +0 cloak (worn)
 u - a +2 hat (worn)
 A - a +0 plate armour (worn)
 E - a +1 pair of boots (worn)
Jewellery
 h - a ring of poison resistance (right hand)
 x - a ring of see invisible (left hand)
 B - an uncursed ring of flight
 F - an uncursed ring of willpower {unknown}
 M - a cursed -4 ring of protection {unknown}
Wands
 o - a wand of acid (18)
 s - a wand of iceblast (13)
 D - a wand of paralysis (7)
 N - a wand of flame (15)
Scrolls
 a - 2 scrolls of immolation {unknown}
 e - 11 scrolls of identify
 j - 5 scrolls of teleportation
 k - 4 scrolls of remove curse
 l - 3 scrolls of fog {unknown}
 q - a scroll of noise {unknown}
 r - 2 scrolls of fear
 y - 2 scrolls of blinking
 z - 2 scrolls of amnesia {unknown}
 H - a scroll of magic mapping {unknown}
 O - a scroll of acquirement {unknown}
Potions
 d - a potion of might
 f - 2 potions of flight {unknown}
 g - 2 potions of lignification {unknown}
 i - 4 potions of heal wounds
 m - 4 potions of curing {unknown}
 n - 2 potions of cancellation {unknown}
 t - a potion of invisibility
 v - 2 potions of ambrosia {unknown}
 w - a potion of haste
 I - a potion of mutation {unknown}
 J - a potion of berserk rage {unknown}
 K - a potion of magic {unknown}
 L - a potion of resistance {unknown}


   Skills:
 + Level 7.2 Fighting
 * Level 11.2 Axes
 + Level 8.4 Armour
 - Level 0.8 Dodging
 + Level 8.6 Shields
 - Level 8.0 Evocations


You had 10 spell levels left.
You didn't know any spells.
Your spell library contained the following spells:

 Spells                   Type           Power        Failure   Level
 Animate Skeleton         Necr           0%           100%        1
 Pain                     Necr           0%           100%        1
 Sandblast                Erth           0%           100%        1
 Sting                    Tmut/Pois      0%           100%        1
 Summon Small Mammal      Summ           0%           100%        1
 Call Imp                 Summ           0%           100%        2
 Call Canine Familiar     Summ           0%           100%        3
 Ignite Poison            Fire/Tmut/Pois 0%           100%        3
 Summon Guardian Golem    Hex/Summ       0%           100%        3
 Vampiric Draining        Necr           0%           100%        3
 Animate Dead             Necr           0%           100%        4
 Summon Ice Beast         Ice/Summ       0%           100%        4
 Summon Lightning Spire   Summ/Air       0%           100%        4
 Agony                    Necr           0%           100%        5
 Bolt of Magma            Conj/Fire/Erth 0%           100%        5
 Iskenderun's Battlesphe  Conj           0%           100%        5
 Eringya's Noxious Bog    Tmut/Pois      0%           100%        6
 Iron Shot                Conj/Erth      0%           100%        6
 Orb of Destruction       Conj           0%           100%        7
 Spellforged Servitor     Conj/Summ      0%           100%        7
 Shatter                  Erth           0%           100%        9


Dungeon Overview and Level Annotations

Branches:
Dungeon (10/15)            Temple (1/1) D:7            Lair (0/6) D:10
    Orc: D:9-12

Altars:
Ashenzari
Cheibriados
Dithmenos
Elyvilon
Fedhas
Gozag
Hepliaklqana
Kikubaaqudgha
Makhleb
Nemelex Xobeh
Okawaru
Qazlal
Ru
Sif Muna
Trog
Uskayaw
Vehumet
Wu Jian
Xom
Yredelemnul
Zin
The Shining One

Shops:
D:5 [   D:6 *   D:7 =   D:8 [??(   D:9 *   D:10 (


Innate Abilities, Weirdness & Mutations

You are resistant to damage.
You can heal yourself by infusing magical energy.
You passively map the area around you.
You do not regenerate.


Message History

You block the freezing wraith's attack.
The freezing wraith hits you but does no damage.
The freezing wraith hits you.
* * * LOW HITPOINT WARNING * * *
The freezing wraith freezes you!!
* * * LOW HITPOINT WARNING * * *
The freezing wraith hits you but does no damage.
You are too injured to fight recklessly!
You are too injured to fight recklessly!
You closely miss the freezing wraith.
The freezing wraith is lightly damaged.
The freezing wraith hits you. The freezing wraith freezes you!
* * * LOW HITPOINT WARNING * * *
The freezing wraith hits you but does no damage.
You slice the freezing wraith!!
The freezing wraith is heavily damaged.
You block the freezing wraith's attack. The freezing wraith hits you.
* * * LOW HITPOINT WARNING * * *
The freezing wraith hits you. The freezing wraith freezes you!!
You die...

..#..###..##...#### #.#.......#.
..........####....# #.#.....÷.#.
...#.###..######..####.#......##.
..............##....##........##.
..........###.###.>..##........#.
...........##..###(#....).(......
..................((((...........
.......################.#########
.......# , #...@.# ##..##
.......# +..W#.####....##
.......# #..[#'##.......#*
.......# * #####..........+ , *
.......# * *#............# ,
...##..# , #......###..... ,
######.# ,#......# ....≈≈ # #.#
#......# ..≈≈≈. * ######.#
..........,..#### *


You could see a freezing wraith.

Vanquished Creatures
  A two-headed ogre (D:8)
  Pikel (D:7)
  A deep elf mage (D:10)
  2 wyverns
  Menkaure (D:5)
  3 water moccasins
  An eye of draining (D:9)
  An orc warrior (D:8)
  A sky beast (D:9)
  A phantom (D:8)
  2 black bears (D:10)
  5 ice beasts
  6 ogres
  A wolf (D:7)
  15 centaurs
  A lemure (D:7)
  2 big kobolds (D:8)
  4 bullfrogs
  4 gnoll sergeants
  5 scorpions
  5 wights (D:8)
  4 howler monkeys
  4 killer bees (D:9)
  A bullfrog zombie (D:5)
  5 orc priests
  A bullfrog skeleton (D:9)
  9 hounds
  3 jellies
  Crazy Yiuf (D:2)
  2 centaur skeletons (D:5)
  12 orc wizards
  3 gnoll shamans (D:7)
  5 iguanas
  6 worker ants
  A howler monkey skeleton (D:5)
  26 gnolls
  7 adders
  A shadow imp (D:9)
  2 white imps
  An ooze (D:3)
  2 adder skeletons
  An adder zombie (D:6)
  3 worms
  2 dart slugs
  7 leopard geckos
  44 orcs
  2 ball pythons
  8 bats
  3 giant cockroaches
  6 goblins
  9 hobgoblins
  16 jackals
  9 quokkas
  4 frilled lizards
  A jackal skeleton (D:5)
  11 kobolds
  A quokka skeleton (D:7)
  A quokka zombie (D:6)
  5 rats
292 creatures vanquished.

Vanquished Creatures (others)
  An orc priest (D:4)
  22 fungi (D:10)
  18 plants (D:10)
41 creatures vanquished.

Grand Total: 333 creatures vanquished

Notes
Turn   | Place    | Note
-------+----------+-------------------------------------------
     0 | D:1      | RedRedRas the Deep Dwarf Fighter began the quest for the
                  | Orb.
     0 | D:1      | Reached XP level 1. HP: 20/20 MP: 1/1
   132 | D:1      | Reached XP level 2. HP: 20/27 MP: 2/2
   379 | D:1      | Reached XP level 3. HP: 19/34 MP: 3/3
   929 | D:2      | Reached skill level 3 in Axes
  1090 | D:2      | Found a runed translucent door.
  1091 | D:2      | Noticed Crazy Yiuf
  1185 | D:2      | Reached XP level 4. HP: 33/42 MP: 4/4
  1258 | D:2      | Killed Crazy Yiuf
  1674 | D:3      | Found a stormy altar of Qazlal.
  1771 | D:3      | Found a white marble altar of Elyvilon.
  2004 | D:3      | Found a shimmering altar of Xom.
  2016 | D:3      | Reached skill level 4 in Axes
  2016 | D:3      | Reached XP level 5. HP: 34/49 MP: 5/5
  2082 | D:3      | Reached skill level 1 in Evocations
  2332 | D:4      | Reached XP level 6. HP: 35/56 MP: 6/6
  2385 | D:4      | Reached skill level 5 in Axes
  2659 | D:4      | Reached XP level 7. HP: 48/63 MP: 7/7
  2842 | D:4      | Reached skill level 5 in Shields
  3147 | D:5      | Entered Level 5 of the Dungeon
  3161 | D:5      | Noticed Menkaure
  3168 | D:5      | Reached skill level 6 in Axes
  3168 | D:5      | Reached skill level 5 in Armour
  3174 | D:5      | Killed Menkaure
  3175 | D:5      | Reached XP level 8. HP: 30/73 MP: 8/8
  3220 | D:5      | Found Hyulaoh's Armour Boutique.
  3561 | D:5      | Reached skill level 7 in Axes
  3683 | D:6      | Found a glowing silver altar of Zin.
  3728 | D:6      | Reached skill level 5 in Evocations
  3741 | D:6      | Reached skill level 5 in Fighting
  3763 | D:6      | Found Ilisya Mahy's General Store.
  3895 | D:6      | Gained mutation: You passively map the area around you.
                  | [Deep Dwarf growth]
  3895 | D:6      | Reached XP level 9. HP: 65/81 MP: 9/9
  4003 | D:6      | Reached skill level 8 in Axes
  4478 | D:7      | Found a staircase to the Ecumenical Temple.
  4495 | Temple   | Entered the Ecumenical Temple
  4635 | D:7      | Noticed Pikel
  4651 | D:7      | Paralysed by Pikel for 3 turns
  4660 | D:7      | Killed Pikel
  4661 | D:7      | Reached skill level 9 in Axes
  5066 | D:7      | Found Eteytweh's Jewellery Boutique.
  5276 | D:8      | Found Ewemuse's Magic Scroll Emporium.
  5324 | D:8      | Found Kethef's Magic Scroll Shop.
  5595 | D:8      | Reached XP level 10. HP: 55/91 MP: 8/8
  5618 | D:8      | Found Zutaec's Armour Shoppe.
  5782 | D:8      | Found a shimmering blue altar of Sif Muna.
  5782 | D:8      | Found an opulent altar of Gozag.
  5782 | D:8      | Found a stormy altar of Qazlal.
  5782 | D:8      | Found a burning altar of Makhleb.
  5818 | D:8      | Noticed a two-headed ogre
  5836 | D:8      | Killed a two-headed ogre
  5837 | D:8      | Reached skill level 10 in Axes
  5912 | D:8      | Found Ismeiri's Weapon Shoppe.
  6346 | D:9      | Found Ukude's General Store.
  6633 | D:9      | Identified the Volume of Poisoning and Earth
  6787 | D:8      | Became a worshipper of Makhleb the Destroyer
  7069 | D:9      | Found an ancient bone altar of Kikubaaqudgha.
  7130 | D:10     | Entered Level 10 of the Dungeon
  7276 | D:10     | Reached skill level 11 in Axes
  7292 | D:10     | Found a staircase to the Lair.
  7416 | D:10     | Reached XP level 11. HP: 56/100 MP: 6/6
  7418 | D:10     | Noticed a deep elf mage
  7426 | D:10     | Reached * piety under Makhleb
  7428 | D:10     | Killed a deep elf mage
  7457 | D:10     | Found Woc Raci's Antique Weapon Emporium.
  7557 | D:10     | Slain by a freezing wraith

Illustrated notes

Levels and vault maps discovered:
D:1:      sevenhm_arrival_forest_fort_large_2, layout_loops_ring,
          minmay_fountain_box
D:2:      layout_basic, serial_corexii_hall, corexii_hall_statues_x,
          chequers_hall_statues_wall_a, minmay_indecisive_spiral,
          uniq_crazy_yiuf_cottage
D:3:      layout_basic, elyvilon_altar_4, xom_teletrap_fun,
          nicolae_qazlal_general_emergency
D:4:      layout_loops_corners, minmay_misc_feat_chi, hangedman_decor_push,
          kennysheep_generic_room_15
D:5:      layout_basic, serial_shops, shop, uniq_menkaure
D:6:      layout_rooms, lemuel_crystal_altar, serial_shops, shop_fountains
D:7:      layout_cave_pools, temple_pool_b, serial_gnoll_camp,
          gnoll_camp_medium_02, gnoll_camp_huts_basic, gnoll_camp_mini_shop,
          gnoll_camp_mini_hut, uniq_pikel
D:8:      layout_loops_corners, grunt_temple_overflow_cloverleaf, serial_shops,
          nicolae_shop_waterfront, nicolae_shop_stone,
          nicolae_shop_temple_entry_statues_fountains, shop
D:9:      layout_basic, lemuel_zombie_altar_kikubaaqudgha, serial_shops,
          nicolae_shop_trees, chequers_serial_rivers_small_3,
          kennysheep_small_circle
D:10:     wad_cavern_with_rooms, layout_rooms, due_lair_maze_entry_diamond,
          serial_shops, shop_fountains
Temple:   jpeg_temple_clearing

Skill      XL: |  1  2  3  4  5  6  7  8  9 10 |
---------------+-------------------------------+-----
Fighting       | 3 4 5 6 7 |  7.2
Axes           | 3 4 5 6 7 9 11 | 11.2
Shields        | 4 5 6 7 8 |  8.6
Evocations     | 1 2 4 5 7 8 |  8.0
Armour         | 4 5 6 7 8 |  8.4
Dodging        | |  0.8

Action                   |  1- 3 |  4- 6 |  7- 9 | 10-12 || total
-------------------------+-------+-------+-------+-------++-------
Melee: War axe           |   139 |   153 |   442 |       ||   734
       Broad axe         |       |       |    32 |   332 ||   364
 Abil: Heal Wounds       |     1 |     3 |    16 |    13 ||    33
  Use: Scroll            |       |     8 |       |       ||     8
Armor: Scale mail        |    54 |     2 |       |       ||    56
       Chain mail        |       |    93 |    94 |       ||   187
       Plate armour      |       |       |   215 |   259 ||   474
Dodge: Dodged            |    33 |    43 |   110 |    95 ||   281
Block: Kite shield       |    86 |   100 |   332 |   231 ||   749
